[Event "XIX Najdorf Memorial 2019"]
[Site "Warsaw"]
[Date "2019.07.10"]
[Round "5.30"]
[White "Bednarek, Sylwester"]
[Black "Suliborski, Jakub"]
[Result "1/2-1/2"]
[ECO "A42"]
[WhiteElo "2291"]
[BlackElo "2131"]
[Annotator "NA"]
[PlyCount "61"]
[EventDate "2019.07.06"]
[EventType "swiss"]
[EventCountry "POL"]
[SourceTitle "playchess.com"]
[Source "ChessBase"]
[SourceQuality "1"]
[TimeControl "40/5400+30:1800+30"]

1. d4 g6 2. c4 Bg7 3. Nc3 d6 4. e4 Nc6 5. Nge2 Nf6 6. h3 O-O 7. g4 e5 8. d5 Nd4 9. Bg2 c5 10. dxc6 bxc6 11. g5 Nh5 12. Nxd4 exd4 13. Ne2 d5 14. exd5 cxd5 15. O-O Qb6 16. Qb3 Qc5 17. Qb5 Qxb5 18. cxb5 Rb8 19. a4 a6 20. Rd1 axb5 21. a5 d3 22. Rxd3 Re8 23. Be3 Bxb2 24. Ra2 d4 25. Nxd4 Bxd4 26. Rxd4 b4 27. Rb2 b3 28. Rd6 Ng7 29. a6 Be6 30. a7 Rbc8 31. Ra6 1/2-1/2

[Event "XIX Najdorf Memorial 2019"]
[Site "Warsaw"]
[Date "2019.07.10"]
[Round "5.31"]
[White "Antolak, Julia"]
[Black "Panek, Bartosz"]
[Result "1/2-1/2"]
[ECO "B40"]
[WhiteElo "2258"]
[BlackElo "2041"]
[Annotator "NA"]
[PlyCount "72"]
[EventDate "2019.07.06"]
[EventType "swiss"]
[EventCountry "POL"]
[SourceTitle "playchess.com"]
[Source "ChessBase"]
[SourceQuality "1"]
[TimeControl "40/5400+30:1800+30"]

1. e4 c5 2. Nf3 e6 3. d4 cxd4 4. Nxd4 Bc5 5. Nc3 Nc6 6. Nb3 Bb6 7. Bf4 Nge7 8. Qd2 d5 9. exd5 Nxd5 10. O-O-O Nxf4 11. Qxf4 Qe7 12. Bd3 O-O 13. Rhe1 Qf6 14. Qe4 Qg6 15. Qe2 Qh6+ 16. Kb1 a5 17. a4 Rd8 18. g4 Bd7 19. h4 Qf4 20. f3 Nb4 21. Be4 Bc6 22. Bxc6 Nxc6 23. Ne4 Nd4 24. Nxd4 Bxd4 25. Rd3 Qe5 26. Qd2 Bb6 27. Nd6 Qg3 28. Rd1 Qxh4 29. Nxb7 Rxd3 30. Qxd3 Qe7 31. Qd7 Kf8 32. Qc6 Qc7 33. Qxc7 Bxc7 34. Rd7 Rc8 35. Nd6 Bxd6 36. Rxd6 g6 1/2-1/2

[Event "XIX Najdorf Memorial 2019"]
[Site "Warsaw"]
[Date "2019.07.10"]
[Round "5.32"]
[White "Maj, Pawel"]
[Black "Fiedorek, Michal"]
[Result "0-1"]
[ECO "B66"]
[WhiteElo "2127"]
[BlackElo "2241"]
[Annotator "NA"]
[PlyCount "80"]
[EventDate "2019.07.06"]
[EventType "swiss"]
[EventCountry "POL"]
[SourceTitle "playchess.com"]
[Source "ChessBase"]
[SourceQuality "1"]
[TimeControl "40/5400+30:1800+30"]

1. e4 c5 2. Nf3 Nc6 3. d4 cxd4 4. Nxd4 Nf6 5. Nc3 d6 6. Bg5 e6 7. Qd2 a6 8. Nxc6 bxc6 9. O-O-O Qa5 10. Bxf6 gxf6 11. Bc4 Rb8 12. Bb3 h5 13. f4 Qb6 14. Kb1 a5 15. Rhe1 Bd7 16. a4 Bc8 17. f5 e5 18. Qe3 Qxe3 19. Rxe3 Ba6 20. Rh3 Ke7 21. Ka2 Bg7 22. Nb1 Bh6 23. Rc3 Rb6 24. Bc4 Bxc4+ 25. Rxc4 Rg8 26. g3 Rg4 27. Nc3 h4 28. Rd3 Kd7 29. b3 Rb8 30. Kb2 hxg3 31. hxg3 Rbg8 32. Rc5 Be3 33. Rxa5 Bd4 34. Ka3 Kc7 35. Ne2 Bb6 36. Ra6 Rxe4 37. Nc3 Bc5+ 38. Kb2 Reg4 39. Ne2 Kb7 40. Ra5 Bb4 0-1

[Event "XIX Najdorf Memorial 2019"]
[Site "Warsaw"]
[Date "2019.07.11"]
[Round "6.1"]
[White "Heberla, Bartlomiej"]
[Black "Shevchenko, Kirill"]
[Result "1/2-1/2"]
[ECO "B92"]
[WhiteElo "2534"]
[BlackElo "2536"]
[Annotator "ChessBase"]
[PlyCount "41"]
[EventDate "2019.07.06"]
[EventType "swiss"]
[EventCountry "POL"]
[SourceTitle "playchess.com"]
[Source "ChessBase"]
[SourceQuality "1"]
[TimeControl "40/5400+30:1800+30"]

1. e4 c5 2. Nf3 d6 3. d4 cxd4 4. Nxd4 Nf6 5. Nc3 a6 6. Be2 e5 7. Nb3 Be7 8. O-O O-O 9. Be3 Be6 10. Qd2 Nbd7 11. a4 Qc7 12. Rfd1 b6 13. Nc1 Nc5 14. Bf3 Rfd8 15. Qe2 Qb7 16. Bg5 Ne8 17. Bxe7 Qxe7 18. N1a2 Bxa2 19. Rxa2 Nf6 20. Qe3 Qc7 21. Nd5 1/2-1/2

[Event "XIX Najdorf Memorial 2019"]
[Site "Warsaw"]
[Date "2019.07.11"]
[Round "6.1"]
[White "Janik, Igor"]
[Black "AlHuwar, Jasem"]
[Result "1/2-1/2"]
[ECO "B06"]
[WhiteElo "2495"]
[BlackElo "2255"]
[Annotator "ChessBase"]
[PlyCount "65"]
[EventDate "2019.07.06"]
[EventType "swiss"]
[EventCountry "POL"]
[SourceTitle "playchess.com"]
[Source "ChessBase"]
[SourceQuality "1"]
[TimeControl "40/5400+30:1800+30"]

1. e4 g6 2. d4 Bg7 3. Nc3 d6 4. Be3 c6 5. a4 Qc7 6. f4 e5 7. Nf3 Bg4 8. Be2 Nd7 9. O-O Ngf6 10. h3 Bxf3 11. Bxf3 O-O 12. Qd2 Rfe8 13. Rad1 Rad8 14. Qf2 a6 15. g4 h6 16. Bg2 Re7 17. dxe5 dxe5 18. f5 g5 19. Rd3 Ree8 20. Rfd1 Bf8 21. Bf3 Be7 22. h4 Nh7 23. Kg2 gxh4 24. Bxh6 Nc5 25. Rxd8 Rxd8 26. g5 Rxd1 27. Bxd1 Qd8 28. f6 Bf8 29. g6 fxg6 30. f7+ Kh8 31. Bxf8 Qxf8 32. Bg4 a5 33. Qxh4 1/2-1/2

[Event "XIX Najdorf Memorial 2019"]
[Site "Warsaw"]
[Date "2019.07.11"]
[Round "6.2"]
[White "Jakubowski, Krzysztof"]
[Black "Punin, Andrii"]
[Result "1-0"]
[ECO "D53"]
[WhiteElo "2528"]
[BlackElo "2305"]
[Annotator "ChessBase"]
[PlyCount "85"]
[EventDate "2019.07.06"]
[EventType "swiss"]
[EventCountry "POL"]
[SourceTitle "playchess.com"]
[Source "ChessBase"]
[SourceQuality "1"]
[TimeControl "40/5400+30:1800+30"]

1. d4 d5 2. c4 e6 3. Nc3 Nf6 4. Bg5 Be7 5. e3 Nbd7 6. Nf3 h6 7. Bh4 O-O 8. Rc1 c5 9. cxd5 Nxd5 10. Bxe7 Nxe7 11. Be2 Qa5 12. O-O Rd8 13. a3 cxd4 14. Nxd4 Nf6 15. Qc2 Bd7 16. Bf3 e5 17. Nb3 Qb6 18. Nd2 Rac8 19. Rfd1 Bg4 20. h3 Bxf3 21. Nxf3 Nc6 22. Rxd8+ Rxd8 23. Na4 Qb5 24. Nc5 Rd6 25. b4 b6 26. Nb7 Re6 27. Rd1 Ne8 28. Nd8 Nxd8 29. Rxd8 a5 30. bxa5 bxa5 31. a4 Qb4 32. Rd5 e4 33. Nd4 Nf6 34. Rb5 Qd6 35. Nxe6 Qxe6 36. Rxa5 g5 37. Qb2 g4 38. hxg4 Nxg4 39. Ra8+ Kh7 40. Qh8+ Kg6 41. Qg8+ Kf6 42. Qd8+ Kg6 43. Qc8 1-0

[Event "XIX Najdorf Memorial 2019"]
[Site "Warsaw"]
[Date "2019.07.11"]
[Round "6.3"]
[White "Siekanski, Janusz"]
[Black "Ali Marandi, Cemil Can"]
[Result "0-1"]
[ECO "D10"]
[WhiteElo "2270"]
[BlackElo "2527"]
[Annotator "ChessBase"]
[PlyCount "108"]
[EventDate "2019.07.06"]
[EventType "swiss"]
[EventCountry "POL"]
[SourceTitle "playchess.com"]
[Source "ChessBase"]
[SourceQuality "1"]
[TimeControl "40/5400+30:1800+30"]

1. d4 d5 2. c4 c6 3. cxd5 cxd5 4. Nc3 Nc6 5. Nf3 Nf6 6. Bf4 Nh5 7. Bd2 g6 8. Qb3 e6 9. e4 dxe4 10. Nxe4 Be7 11. Bb5 O-O 12. Bxc6 bxc6 13. O-O Nf6 14. Nxf6+ Bxf6 15. Bf4 Qb6 16. Qe3 Rd8 17. Bg5 Bxg5 18. Qxg5 Rd5 19. Qh6 Rh5 20. Qe3 c5 21. Rfd1 Bb7 22. Ne5 cxd4 23. Rxd4 Qxb2 24. Rad1 Bd5 25. Ng4 Kg7 26. R4d2 Qb4 27. Rd4 Qa5 28. Rf4 e5 29. Nxe5 Re8 30. Nc4 Rxe3 31. Nxa5 Ra3 32. g4 Re5 33. Nc4 Rd3 34. Ra1 Re2 35. Ne3 Be6 36. h4 Ra3 37. Rd4 Raxa2 38. Ra4 Rxa1+ 39. Rxa1 Ra2 40. Rxa2 Bxa2 41. g5 Bb3 42. Kf1 a5 43. Ke2 a4 44. Kd3 a3 45. Kc3 a2 46. Kb2 Be6 47. Nf1 f5 48. f4 Kf7 49. Ng3 Bc4 50. h5 Ke6 51. h6 Kd6 52. Ka1 Kc5 53. Nxf5 gxf5 54. g6 Bg8 0-1

[Event "XIX Najdorf Memorial 2019"]
[Site "Warsaw"]
[Date "2019.07.11"]
[Round "6.4"]
[White "Dragun, Kamil"]
[Black "Sieciechowicz, Marcin"]
[Result "1-0"]
[ECO "D12"]
[WhiteElo "2604"]
[BlackElo "2399"]
[Annotator "RC"]
[PlyCount "109"]
[EventDate "2019.07.06"]
[EventType "swiss"]
[EventCountry "POL"]
[SourceTitle "playchess.com"]
[Source "ChessBase"]
[SourceQuality "1"]
[TimeControl "40/5400+30:1800+30"]

1. c4 c6 2. Nf3 Nf6 3. e3 d5 4. d4 Bf5 5. Nc3 e6 6. Nh4 Bg6 7. Nxg6 hxg6 8. g3 Nbd7 9. Qe2 Bb4 10. Bg2 Bxc3+ 11. bxc3 Qa5 12. O-O Qa6 13. Re1 dxc4 14. a4 Nb6 15. a5 Rh5 16. Qa2 Nbd5 17. Bd2 Kd7 18. Bf1 b5 19. e4 Nc7 20. h4 Rd8 21. Qa3 Rhh8 22. Bg5 Rde8 23. Bf4 Kc8 24. Qd6 Qb7 25. Rab1 Rd8 26. Qa3 Nh5 27. Bg5 f6 28. Be3 f5 29. Bg5 Rde8 30. Bxc4 Nf6 31. Bd3 a6 32. c4 Kb8 33. Bf4 Ka8 34. Bxc7 Qxc7 35. e5 Ng4 36. Be2 Qe7 37. Qf3 Qb7 38. Qg2 Ka7 39. Bf3 Rc8 40. cxb5 axb5 41. Rec1 Rc7 42. Rxc6 Rhc8 43. Rxc7 Qxc7 44. Bxg4 fxg4 45. Rxb5 Qc1+ 46. Qf1 Qd2 47. Rb1 Rf8 48. Rd1 Qa2 49. Qe1 Rf3 50. d5 exd5 51. e6 Rf8 52. e7 Re8 53. Qe3+ Ka8 54. Qc5 Qb3 55. Rxd5 1-0

[Event "XIX Najdorf Memorial 2019"]
[Site "Warsaw"]
[Date "2019.07.11"]
[Round "6.4"]
[White "Lisowski, Krzysztof"]
[Black "Gukesh D"]
[Result "0-1"]
[ECO "B31"]
[WhiteElo "2187"]
[BlackElo "2520"]
[Annotator "RC"]
[PlyCount "98"]
[EventDate "2019.07.06"]
[EventType "swiss"]
[EventCountry "POL"]
[TimeControl "40/5400+30:1800+30"]

1. e4 c5 2. Nf3 Nc6 3. Bb5 g6 4. Bxc6 dxc6 5. d3 Bg7 6. h3 Nf6 7. Nc3 Nd7 8. Be3 e5 9. Qd2 h6 10. O-O b6 11. Nh2 Nf8 12. f4 exf4 13. Bxf4 Ne6 14. Be3 Nd4 15. Nd1 Be6 16. c3 Nb5 17. a4 Nd6 18. Nf2 a5 19. b4 axb4 20. cxb4 cxb4 21. Qxb4 c5 22. Qd2 g5 23. Qc1 f5 24. Bd2 fxe4 25. Bc3 O-O 26. Bxg7 Kxg7 27. Qb2+ Qf6 28. Qxf6+ Rxf6 29. dxe4 Rf7 30. Nf3 Rfa7 31. h4 g4 32. Ne5 Rxa4 33. Rad1 Nxe4 34. Nfxg4 Rd4 35. Rxd4 cxd4 36. Rf4 Nc3 37. Kh2 Ne2 38. Rf2 Bxg4 39. Nxg4 d3 40. Ne5 Ra4 41. Nf3 b5 42. Kh3 Ra1 43. Kg4 b4 44. Nd2 Ra2 45. Nc4 d2 46. Ne3 b3 47. Rf5 b2 48. Rb5 Ra4+ 49. Kh3 Ra3 0-1

[Event "XIX Najdorf Memorial 2019"]
[Site "Warsaw"]
[Date "2019.07.11"]
[Round "6.5"]
[White "Fedorov, Alexei"]
[Black "Goslawski, Michal"]
[Result "1-0"]
[ECO "C26"]
[WhiteElo "2551"]
[BlackElo "2091"]
[Annotator "ChessBase"]
[PlyCount "105"]
[EventDate "2019.07.06"]
[EventType "swiss"]
[EventCountry "POL"]
[SourceTitle "playchess.com"]
[Source "ChessBase"]
[SourceQuality "1"]
[TimeControl "40/5400+30:1800+30"]

1. e4 e5 2. Nc3 Nf6 3. g3 Bc5 4. Bg2 Nc6 5. Nge2 Nd4 6. Na4 Nxe2 7. Qxe2 Be7 8. O-O d6 9. c4 Bg4 10. f3 Bd7 11. Nc3 h5 12. h3 c6 13. d3 h4 14. g4 Nh7 15. f4 g5 16. fxe5 dxe5 17. Qf2 Be6 18. Nd5 O-O 19. Nxe7+ Qxe7 20. Be3 Rfd8 21. Rfd1 b6 22. c5 Qb7 23. b3 bxc5 24. Bxc5 Rd7 25. Rd2 Kg7 26. d4 Rad8 27. Rad1 f6 28. dxe5 fxe5 29. Rxd7+ Rxd7 30. Rxd7+ Qxd7 31. Bxa7 Qd1+ 32. Kh2 Nf8 33. Be3 Nh7 34. Qd2 Qxd2 35. Bxd2 Kf6 36. Bb4 Bf7 37. Kg1 Ke6 38. Kf2 Nf6 39. Bd2 Bg6 40. Bxg5 Nxe4+ 41. Bxe4 Bxe4 42. Bxh4 Kd5 43. b4 Bd3 44. a4 c5 45. bxc5 Kxc5 46. a5 Kd5 47. Bf6 Ke4 48. Kg3 Kd5 49. h4 Ke6 50. Bg7 Ba6 51. h5 e4 52. Bd4 Kf7 53. g5 1-0

[Event "XIX Najdorf Memorial 2019"]
[Site "Warsaw"]
[Date "2019.07.11"]
[Round "6.5"]
[White "Klekowski, Maciej"]
[Black "Godzwon, Iwo"]
[Result "1/2-1/2"]
[ECO "D70"]
[WhiteElo "2482"]
[BlackElo "2285"]
[Annotator "ChessBase"]
[PlyCount "78"]
[EventDate "2019.07.06"]
[EventType "swiss"]
[EventCountry "POL"]
[SourceTitle "playchess.com"]
[Source "ChessBase"]
[SourceQuality "1"]
[TimeControl "40/5400+30:1800+30"]

1. d4 Nf6 2. c4 g6 3. f3 d5 4. cxd5 Nxd5 5. e4 Nb6 6. Nc3 Bg7 7. Be3 O-O 8. Qd2 e5 9. d5 c6 10. O-O-O cxd5 11. exd5 Na6 12. h4 Bd7 13. h5 Rc8 14. Kb1 Nb4 15. g4 Rxc3 16. bxc3 N4xd5 17. hxg6 fxg6 18. Bc4 Be6 19. Bb3 Qc8 20. Rc1 Nc4 21. Bxc4 Qxc4 22. Bh6 Bxh6 23. Rxh6 Rc8 24. Nh3 Rd8 25. Ka1 Rd6 26. Ng5 Nb4 27. cxb4 Rxd2 28. Rxc4 Bxc4 29. Rxh7 Rxa2+ 30. Kb1 b5 31. Rd7 Ra4 32. Ne4 Bf7 33. Kc2 Rxb4 34. Rxa7 Rd4 35. Re7 b4 36. Rxe5 b3+ 37. Kb2 Rd3 38. f4 Rh3 39. Nd6 Rd3 1/2-1/2

[Event "XIX Najdorf Memorial 2019"]
[Site "Warsaw"]
[Date "2019.07.11"]
[Round "6.6"]
[White "Shyam, Sundar M."]
[Black "Galperin, Platon"]
[Result "0-1"]
[ECO "C65"]
[WhiteElo "2520"]
[BlackElo "2445"]
[Annotator "ChessBase"]
[PlyCount "64"]
[EventDate "2019.07.06"]
[EventType "swiss"]
[EventCountry "POL"]
[SourceTitle "playchess.com"]
[Source "ChessBase"]
[SourceQuality "1"]
[TimeControl "40/5400+30:1800+30"]

1. e4 e5 2. Nf3 Nc6 3. Bb5 Nf6 4. d3 Ne7 5. O-O c6 6. Ba4 Ng6 7. c3 Be7 8. Re1 O-O 9. Nbd2 d5 10. exd5 Qxd5 11. Ne4 Bf5 12. Nfg5 Rad8 13. Bc2 Qd7 14. Be3 Nd5 15. d4 Bg4 16. Qd3 h6 17. Nxf7 Rxf7 18. Nc5 Bxc5 19. Qxg6 Bb6 20. Qh7+ Kf8 21. Bxh6 gxh6 22. Qh8+ Ke7 23. Rxe5+ Be6 24. Qxh6 Rg8 25. Rae1 Rf6 26. Qh4 Kf7 27. Rh5 Rg7 28. Rh8 Nf4 29. Rf8+ Kxf8 30. Qxf6+ Qf7 31. Qh6 Nxg2 32. Rxe6 Qxe6 0-1

[Event "XIX Najdorf Memorial 2019"]
[Site "Warsaw"]
[Date "2019.07.11"]
[Round "6.7"]
[White "Abdumalik, Zhansaya"]
[Black "Bernadskiy, Vitaliy"]
[Result "0-1"]
[ECO "B56"]
[WhiteElo "2458"]
[BlackElo "2594"]
[Annotator "ChessBase"]
[PlyCount "86"]
[EventDate "2019.07.06"]
[EventType "swiss"]
[EventCountry "POL"]
[SourceTitle "playchess.com"]
[Source "ChessBase"]
[SourceQuality "1"]
[TimeControl "40/5400+30:1800+30"]

1. e4 c5 2. Nf3 d6 3. d4 cxd4 4. Nxd4 Nf6 5. Nc3 Nbd7 6. g3 Nc5 7. Bg2 e5 8. Nde2 Be7 9. O-O O-O 10. h3 h5 11. Be3 b6 12. b4 Ne6 13. Qd2 Ba6 14. Rfd1 Rc8 15. a4 Rc4 16. a5 Bb7 17. axb6 axb6 18. Nd5 b5 19. Ra7 Bxd5 20. exd5 Nc7 21. Rda1 Qc8 22. Bb6 Bd8 23. c3 Ne4 24. Qd3 Ng5 25. f4 e4 26. Qd1 Nf3+ 27. Kh1 Qf5 28. Bxc7 Bxc7 29. Rb7 Rc8 30. Rxb5 Bd8 31. Qb3 Kh7 32. Qb1 Rxc3 33. Nxc3 Rxc3 34. Qf1 Rc2 35. Bxf3 exf3 36. Rd1 g6 37. Qxf3 Qxh3+ 38. Kg1 Bh4 39. f5 Qh2+ 40. Kf1 Bxg3 41. fxg6+ Kh6 42. Qe3+ Kg7 43. Qd4+ Be5 0-1

[Event "XIX Najdorf Memorial 2019"]
[Site "Warsaw"]
[Date "2019.07.11"]
[Round "6.8"]
[White "Sedlak, Nikola"]
[Black "Goluch, Piotr"]
[Result "1-0"]
[ECO "A48"]
[WhiteElo "2586"]
[BlackElo "2386"]
[Annotator "ChessBase"]
[PlyCount "79"]
[EventDate "2019.07.06"]
[EventType "swiss"]
[EventCountry "POL"]
[SourceTitle "playchess.com"]
[Source "ChessBase"]
[SourceQuality "1"]
[TimeControl "40/5400+30:1800+30"]

1. d4 Nf6 2. Nf3 g6 3. Nbd2 d5 4. e3 Bg7 5. b4 O-O 6. Bb2 a5 7. b5 a4 8. Ba3 c6 9. Rb1 Re8 10. Be2 Nbd7 11. O-O e5 12. bxc6 bxc6 13. Bd6 Ng4 14. c4 Ba6 15. h3 Nh6 16. Nxe5 Nxe5 17. Bxe5 Bxe5 18. dxe5 Rxe5 19. Nf3 Re8 20. cxd5 Bxe2 21. Qxe2 Qxd5 22. Rfd1 Qe4 23. Rbc1 Nf5 24. Rc4 Qe6 25. Qc2 a3 26. Rxc6 Rec8 27. Rd8+ Rxd8 28. Rxe6 fxe6 29. Ng5 Ng7 30. Qc7 Rf8 31. Qe7 Rad8 32. Ne4 Ra8 33. g4 Kh8 34. Kg2 Kg8 35. Qh4 Ne8 36. Qe7 Ng7 37. Nf6+ Kh8 38. Nd7 Rfe8 39. Qh4 h5 40. Qg5 1-0

[Event "XIX Najdorf Memorial 2019"]
[Site "Warsaw"]
[Date "2019.07.11"]
[Round "6.8"]
[White "Budrewicz, Krzysztof"]
[Black "Nguyen, Piotr"]
[Result "1-0"]
[ECO "A84"]
[WhiteElo "2188"]
[BlackElo "2420"]
[Annotator "NA"]
[PlyCount "87"]
[EventDate "2019.07.06"]
[EventType "swiss"]
[EventCountry "POL"]
[SourceTitle "playchess.com"]
[Source "ChessBase"]
[SourceQuality "1"]
[TimeControl "40/5400+30:1800+30"]

1. d4 f5 2. c4 Nf6 3. Nf3 g6 4. e3 Bg7 5. b4 O-O 6. Bb2 e6 7. Be2 b6 8. O-O Bb7 9. Nc3 Qe7 10. Qb3 d6 11. a4 c5 12. bxc5 bxc5 13. a5 Na6 14. Rfd1 Rab8 15. Nb5 Ne4 16. Qa3 Nb4 17. Rac1 a6 18. Nc3 Ng5 19. d5 exd5 20. cxd5 f4 21. e4 Nxe4 22. Nxe4 Bxb2 23. Qxb2 Qxe4 24. Bc4 Qf5 25. Qd2 Rbe8 26. Nd4 Qg5 27. Nc6 Bc8 28. Nxb4 cxb4 29. Bf1 Re5 30. Qxb4 Bg4 31. Re1 Bf3 32. Qxd6 Ref5 33. Kh1 Bxd5 34. Qxa6 Qh4 35. Bc4 Bxc4 36. Qxc4+ Kg7 37. Qd4+ Kh6 38. Rc7 Kg5 39. a6 h6 40. a7 f3 41. Qxh4+ Kxh4 42. Re4+ Kg5 43. h4+ Kf6 44. g4 1-0

[Event "XIX Najdorf Memorial 2019"]
[Site "Warsaw"]
[Date "2019.07.11"]
[Round "6.9"]
[White "Romanishin, Oleg M"]
[Black "Yuffa, Daniil"]
[Result "1-0"]
[ECO "D15"]
[WhiteElo "2443"]
[BlackElo "2582"]
[Annotator "ChessBase"]
[PlyCount "77"]
[EventDate "2019.07.06"]
[EventType "swiss"]
[EventCountry "POL"]
[SourceTitle "playchess.com"]
[Source "ChessBase"]
[SourceQuality "1"]
[TimeControl "40/5400+30:1800+30"]

1. d4 d5 2. Nf3 Nf6 3. c4 c6 4. Nc3 a6 5. g3 dxc4 6. Bg2 g6 7. Ne5 Be6 8. e4 Nbd7 9. Nf3 h6 10. O-O Bg7 11. h3 Qb6 12. Qe2 Rd8 13. Be3 Qa5 14. a4 Qh5 15. e5 Bxh3 16. exf6 Nxf6 17. Ne5 Qxe2 18. Nxe2 Bf5 19. Rfc1 Nd5 20. Nxc4 h5 21. Na5 Bc8 22. Ra3 h4 23. gxh4 Rxh4 24. Rb3 Nxe3 25. fxe3 Bh6 26. Kf2 Rd6 27. Rh1 Rf6+ 28. Ke1 Rxh1+ 29. Bxh1 Re6 30. Nxb7 Bxb7 31. Rxb7 Bxe3 32. Rc7 Bxd4 33. Rxc6 Re5 34. b4 Bb2 35. Rc4 Kd8 36. Kd2 f5 37. Nf4 Ba3 38. Nd3 Re6 39. Rc3 1-0

[Event "XIX Najdorf Memorial 2019"]
[Site "Warsaw"]
[Date "2019.07.11"]
[Round "6.9"]
[White "Menezes, Christoph"]
[Black "Bus, Konrad"]
[Result "1-0"]
[ECO "A13"]
[WhiteElo "2413"]
[BlackElo "2264"]
[Annotator "NA"]
[PlyCount "101"]
[EventDate "2019.07.06"]
[EventType "swiss"]
[EventCountry "POL"]
[SourceTitle "playchess.com"]
[Source "ChessBase"]
[SourceQuality "1"]
[TimeControl "40/5400+30:1800+30"]

1. c4 e6 2. Nf3 d5 3. e3 Nf6 4. Nc3 dxc4 5. Bxc4 c5 6. O-O a6 7. d4 b5 8. Bb3 Bb7 9. e4 Be7 10. e5 Nd5 11. Nxd5 Bxd5 12. dxc5 Bxb3 13. Qxb3 Bxc5 14. Ng5 Nc6 15. Nxf7 Nd4 16. Nxd8 Nxb3 17. axb3 Kxd8 18. Bg5+ Be7 19. Rfd1+ Ke8 20. Be3 Kf7 21. Rd7 Rhd8 22. Rb7 Rdb8 23. Rxb8 Rxb8 24. Rxa6 Rd8 25. Kf1 Rd3 26. Ra7 Kf8 27. Rb7 Rxb3 28. Bd4 Rd3 29. Bc3 Rd5 30. Ke2 h5 31. Kf3 g6 32. Ke4 Ke8 33. Ba5 Kf8 34. Bc3 Ke8 35. g3 Kf8 36. h3 Ke8 37. f4 Kf8 38. g4 Rc5 39. Bd4 Rc2 40. f5 hxg4 41. f6 Bxf6 42. exf6 gxh3 43. Rh7 h2 44. Kd3 Rg2 45. Be5 Rg5 46. Kd4 Rh5 47. Rxh5 gxh5 48. Bxh2 Kf7 49. Ke5 h4 50. Bf4 h3 51. Bh2 1-0

[Event "XIX Najdorf Memorial 2019"]
[Site "Warsaw"]
[Date "2019.07.11"]
[Round "6.10"]
[White "Roseneck, Jonas"]
[Black "Kanarek, Marcel"]
[Result "0-1"]
[ECO "B90"]
[WhiteElo "2398"]
[BlackElo "2493"]
[Annotator "ChessBase"]
[PlyCount "80"]
[EventDate "2019.07.06"]
[EventType "swiss"]
[EventCountry "POL"]
[SourceTitle "playchess.com"]
[Source "ChessBase"]
[SourceQuality "1"]
[TimeControl "40/5400+30:1800+30"]

1. e4 c5 2. Nf3 d6 3. d4 cxd4 4. Nxd4 Nf6 5. Nc3 a6 6. Be3 e5 7. Nb3 Be6 8. f3 Be7 9. Qd2 O-O 10. O-O-O Nbd7 11. g4 b5 12. g5 Nh5 13. Kb1 Nb6 14. Na5 Qc7 15. Rg1 d5 16. exd5 Nxd5 17. Nc6 Nxe3 18. Nxe7+ Qxe7 19. Qxe3 Rfd8 20. Bd3 b4 21. Ne4 Rd4 22. Ng3 Nxg3 23. hxg3 Qd6 24. Rde1 Re8 25. Qe2 g6 26. g4 e4 27. fxe4 Qe5 28. Qe3 a5 29. Rg2 a4 30. Rh1 a3 31. c3 bxc3 32. b3 c2+ 33. Rxc2 Red8 34. Be2 Rxe4 35. Qh3 Qg7 36. Rf1 Qe5 37. Rh1 h5 38. gxh6 Kh7 39. Qf3 Re3 40. Qf2 Bxb3 0-1

[Event "XIX Najdorf Memorial 2019"]
[Site "Warsaw"]
[Date "2019.07.11"]
[Round "6.10"]
[White "Krasiewicz, Robert"]
[Black "Fus, Jakub"]
[Result "0-1"]
[ECO "A13"]
[WhiteElo "2017"]
[BlackElo "2341"]
[Annotator "NA"]
[PlyCount "76"]
[EventDate "2019.07.06"]
[EventType "swiss"]
[EventCountry "POL"]
[SourceTitle "playchess.com"]
[Source "ChessBase"]
[SourceQuality "1"]
[TimeControl "40/5400+30:1800+30"]

1. c4 Nf6 2. g3 e6 3. Bg2 d5 4. Nf3 dxc4 5. Qa4+ c6 6. Qxc4 b5 7. Qb3 Bb7 8. d4 Nbd7 9. a4 a6 10. O-O Be7 11. Rd1 O-O 12. e3 Qb6 13. Nc3 b4 14. a5 Qc7 15. Ne2 c5 16. dxc5 Rab8 17. Nfd4 Nxc5 18. Qc4 Bxg2 19. Kxg2 Qb7+ 20. f3 Rfc8 21. Bd2 e5 22. Nf5 e4 23. f4 Bf8 24. h3 Nd3 25. Qb3 Qd5 26. Qxd5 Nxd5 27. b3 Nc3 28. Bxc3 bxc3 29. Nfd4 Bc5 30. Nc1 Bxd4 31. exd4 c2 32. Rd2 Rc3 33. Kf1 f5 34. Ke2 Kf7 35. Kf1 Rbc8 36. Rh2 Ke6 37. Ke2 Nxc1+ 38. Rxc1 Rxb3 0-1

[Event "XIX Najdorf Memorial 2019"]
[Site "Warsaw"]
[Date "2019.07.11"]
[Round "6.11"]
[White "Popovic, Dusan"]
[Black "Mosesov, Danylo"]
[Result "1/2-1/2"]
[ECO "A47"]
[WhiteElo "2487"]
[BlackElo "2353"]
[Annotator "ChessBase"]
[PlyCount "41"]
[EventDate "2019.07.06"]
[EventType "swiss"]
[EventCountry "POL"]
[SourceTitle "playchess.com"]
[Source "ChessBase"]
[SourceQuality "1"]
[TimeControl "40/5400+30:1800+30"]

1. d4 Nf6 2. Nf3 b6 3. Bf4 Bb7 4. e3 g6 5. h3 Bg7 6. Be2 O-O 7. O-O d6 8. a4 Nfd7 9. a5 bxa5 10. Nbd2 c5 11. Nb3 a4 12. Rxa4 Nb6 13. Ra1 cxd4 14. exd4 Bd5 15. Na5 Nc6 16. Nxc6 Bxc6 17. c4 a5 18. b3 Re8 19. Ra2 a4 20. b4 Rc8 21. d5 1/2-1/2

[Event "XIX Najdorf Memorial 2019"]
[Site "Warsaw"]
[Date "2019.07.11"]
[Round "6.11"]
[White "Dzida, Kamil"]
[Black "Paszewski, Mateusz"]
[Result "0-1"]
[ECO "B35"]
[WhiteElo "1987"]
[BlackElo "2324"]
[Annotator "NA"]
[PlyCount "60"]
[EventDate "2019.07.06"]
[EventType "swiss"]
[EventCountry "POL"]
[SourceTitle "playchess.com"]
[Source "ChessBase"]
[SourceQuality "1"]
[TimeControl "40/5400+30:1800+30"]

1. e4 c5 2. Nf3 Nc6 3. d4 cxd4 4. Nxd4 g6 5. Nc3 Bg7 6. Be3 Nf6 7. Bc4 O-O 8. Bb3 a6 9. f3 Qc7 10. Qd2 b5 11. O-O-O Bb7 12. h4 h5 13. g4 e6 14. g5 Ne8 15. Kb1 Nxd4 16. Bxd4 Bxd4 17. Qxd4 Bc6 18. Rhf1 a5 19. a4 bxa4 20. Nxa4 Rb8 21. Nc5 Rb4 22. Qc3 Qa7 23. Rd4 Nc7 24. Rxd7 Bxd7 25. Nxd7 Nb5 26. Nf6+ Kh8 27. Qc6 Rd8 28. Nd5 Nd4 29. Nxb4 Nxc6 30. Nxc6 Qa6 0-1

[Event "XIX Najdorf Memorial 2019"]
[Site "Warsaw"]
[Date "2019.07.11"]
[Round "6.12"]
[White "Krysztofiak, Marcin"]
[Black "Harsha Bharathakoti"]
[Result "1/2-1/2"]
[ECO "D30"]
[WhiteElo "2382"]
[BlackElo "2486"]
[Annotator "ChessBase"]
[PlyCount "64"]
[EventDate "2019.07.06"]
[EventType "swiss"]
[EventCountry "POL"]
[SourceTitle "playchess.com"]
[Source "ChessBase"]
[SourceQuality "1"]
[TimeControl "40/5400+30:1800+30"]

1. Nf3 d5 2. d4 Nf6 3. c4 e6 4. Bg5 Bb4+ 5. Nbd2 dxc4 6. e3 b5 7. Be2 Nbd7 8. O-O Bb7 9. b3 c3 10. Nb1 a6 11. a3 Be7 12. Nxc3 c5 13. dxc5 Nxc5 14. b4 Nce4 15. Nxe4 Nxe4 16. Bxe7 Qxe7 17. Qd4 O-O 18. Rac1 Rfd8 19. Qb2 Bd5 20. Ne5 Qg5 21. Bf3 f6 22. Nd3 Nd2 23. Bxd5 Qxd5 24. Qxd2 Qxd3 25. Qa2 Rd6 26. a4 Rad8 27. h3 h6 28. Rc5 Rd5 29. axb5 axb5 30. Rfc1 Qe4 31. Qb1 Qxb1 32. Rxb1 Kf7 1/2-1/2